 Dungeon Crawl Stone Soup version 0.29-a0-214-g17f627cfee (webtiles) character file.

Game seed: 16151062991630879559

1663 pascalblue the Firebug (level 8, -5/41 HPs)
             Began as a Deep Elf Fire Elementalist on Feb 24, 2022.
             Was an Initiate of Vehumet.
             Slain by Harold
             ... wielding a +0 mace
              (10 damage)
             ... on level 7 of the Dungeon.
             The game lasted 00:23:28 (7414 turns).

pascalblue the Firebug (Deep Elf Fire Elementalist) Turns: 7414, Time: 00:23:29

Health: -5/41      AC:  6    Str:  5    XL:     8   Next: 69%
Magic:  11/19      EV: 12    Int: 23    God:    Vehumet [......]
Gold:   322        SH:  0    Dex: 15    Spells: 2/20 levels left

rFire   . . .      SeeInvis .   k - +8 dire flail (protect)
rCold   . . .      Faith    .   (shield currently unavailable)
rNeg    . . .      Spirit   .   a - +1 robe
rPois   +          Reflect  .   (no helmet)
rElec   .          Harm     .   r - +2 cloak
rCorr   .          Rampage  .   (no gloves)
Will    .....                   (no boots)
Stlth   +.........              (no amulet)
HPRegen 0.13/turn               c - ring of poison resistance
MPRegen 0.16/turn               g - ring of flight

@: confused, marked, flying
A: no striking features
a: Renounce Religion


You were on level 7 of the Dungeon.
You worshipped Vehumet.
Vehumet was noncommittal.
You visited 2 branches of the dungeon, and saw 8 of its levels.
You also visited: Sewer.

You collected 322 gold pieces.

Inventory:

Hand Weapons
 e - a +0 dagger
 f - a +4 short sword
 h - a +1 dagger of electrocution
 k - a +8 dire flail of protection (weapon)
 p - a +2 vorpal long sword
Armour
 a - a +1 robe (worn)
 r - a +2 cloak (worn)
Magical Staves
 i - a staff of poison
Jewellery
 c - a ring of poison resistance (left hand)
 g - a ring of flight (right hand)
 j - a ring of protection from cold
Wands
 l - a wand of polymorph (14)
 m - a wand of paralysis (5)
 n - a wand of iceblast (13)
Potions
 b - 2 potions of degeneration
 o - 2 potions of lignification
 q - a potion of haste
 s - a potion of invisibility {unknown}
 t - a potion of cancellation {unknown}


   Skills:
 - Level 2.4 Dodging
 - Level 2.4 Stealth
 + Level 6.5 Spellcasting
 + Level 5.8 Conjurations
 + Level 1.4 Necromancy
 - Level 3.0 Translocations
 * Level 7.7 Fire Magic
 * Level 5.0 Ice Magic


You had 2 spell levels left.
You knew the following spells:

 Your Spells              Type           Power      Damage    Failure   Level
a - Foxfire               Conj/Fire      100%       2x1d9     1%          1
b - Scorch                Fire           86%        2d9       1%          2
c - Blink                 Tloc           42%        N/A       3%          2
d - Flame Wave            Conj/Fire      38%        2d9       4%          4
e - Frozen Ramparts       Ice            60%        1d8       3%          3
f - Hailstorm             Conj/Ice       32%        3d8       9%          4
g - Sublimation of Blood  Necr           13%        N/A       7%          2

Your spell library contained the following spells:

 Spells                   Type           Power      Damage    Failure   Level
 Freeze                   Ice            100%       1d11      1%          1
 Slow                     Hex            28%        N/A       9%          1
 Wereblood                Tmut           7%         N/A       12%         2
 Conjure Flame            Conj/Fire      38%        6-21      1%          3
 Inner Flame              Hex/Fire       25%        N/A       4%          3
 Lesser Beckoning         Tloc           21%        N/A       7%          3
 Ignite Poison            Fire/Tmut/Pois 19%        N/A       9%          3
 Mephitic Cloud           Conj/Pois/Air  16%        N/A       11%         3
 Iskenderun's Mystic Bla  Conj/Tloc      27%        2d7       13%         4
 Vampiric Draining        Necr           13%        2d6       14%         3
 Confusing Touch          Hex            7%         N/A       24%         3
 Fulminant Prism          Conj/Hex       10%        3d9       24%         4
 Freezing Cloud           Conj/Ice/Air   12%        6-21      45%         5
 Manifold Assault         Tloc           21%        N/A       54%         5
 Lee's Rapid Deconstruct  Erth           3%         3d6*      92%         5
 Summon Hydra             Summ           3%         N/A       100%        7


Dungeon Overview and Level Annotations

Branches:
Dungeon (7/15)             Temple (1/1) D:6           Sewer (visited)

Altars:
Uskayaw
Vehumet

Shops:
D:2 *

Annotations:
D:7 Harold


Message History

Confirm with . or Enter, or press ? or * to list all spells.
You conjure some foxfire!
The foxfire hits Harold but does no damage.
Harold is severely wounded.
Harold hits you with a +0 mace.
The foxfire hits Harold.
Harold is burned terribly!
Harold is severely wounded.
Casting: Foxfire (safe; 1% risk of failure)
Confirm with . or Enter, or press ? or * to list all spells.
You conjure some foxfire!
The foxfire hits Harold!
Harold is burned terribly!
Harold is almost dead.
The foxfire hits Harold.
Harold is burned terribly!
Harold is almost dead.
Harold zaps a wand.
Your will is overpowered!
You are confused.
You're too confused to cast spells.
Okay, then.
The foxfire hits Harold.
Harold is burned terribly!
Harold is almost dead.
The foxfire hits Harold.
Harold is almost dead.
Harold zaps a wand.
Your will is overpowered!
You are more confused.
You're too confused to cast spells.
Harold looks eager to get this over with.
Harold points at you and mumbles some strange words.
The mark upon you grows brighter.
Harold zaps a wand.
You easily resist.
The now-empty wand crumbles to dust.
You barely miss Harold.
Harold is almost dead.
Harold is no longer more vulnerable to fire.
Harold hits you with a +0 mace.
You closely miss Harold.
Harold is almost dead.
Harold hits you with a +0 mace.
* * * LOW HITPOINT WARNING * * *
Harold hits you with a +0 mace.
* * * LOW HITPOINT WARNING * * *
Harold hits you with a +0 mace!
You die...

###############
..............#
#.@.....#
#.@.....#
#.......#
#..#o..##
####...#
#.o.o..
#........
...........
##..........


You could see Harold, an orc wizard and 2 orcs.

Vanquished Creatures
  Edmund (D:6)
  Pargi (Sewer)
  An ice beast (D:5)
  A necrophage (D:5)
  3 ogres (D:6)
  2 centaurs
  A scorpion (D:5)
  A water moccasin skeleton (D:5)
  2 hounds
  5 jellies
  A gnoll shaman (D:4)
  4 orc priests
  A centaur skeleton (D:4)
  A bullfrog skeleton (D:4)
  3 iguanas
  A hound zombie (D:5)
  5 adders
  9 gnolls
  An ufetubus (D:4)
  A worm (D:6)
  2 dart slugs
  8 orcs
  7 ball pythons
  4 bats
  8 endoplasms
  4 giant cockroaches
  5 goblins
  5 hobgoblins
  17 jackals
  2 quokkas
  3 frilled lizards
  11 kobolds
  8 rats
129 creatures vanquished.

Vanquished Creatures (others)
  335 foxfires
335 creatures vanquished.

Grand Total: 464 creatures vanquished

Notes
Turn   | Place    | Note
-------+----------+-------------------------------------------
     0 | D:1      | pascalblue the Deep Elf Fire Elementalist began the quest
                  | for the Orb.
     0 | D:1      | Reached XP level 1. HP: 10/10 MP: 6/6
   219 | D:1      | Reached XP level 2. HP: 15/15 MP: 2/8
   364 | D:1      | Learned a level 2 spell: Scorch
   660 | D:1      | Found a faded altar of an unknown god.
   899 | D:2      | Reached XP level 3. HP: 3/19 MP: 5/9
  1114 | D:2      | Reached skill level 4 in Fire Magic
  1257 | D:2      | Found Qeug's Assorted Antiques.
  1281 | D:2      | Learned a level 2 spell: Blink
  1927 | D:3      | Reached XP level 4. HP: 16/24 MP: 8/11
  2026 | D:3      | Learned a level 4 spell: Flame Wave
  2421 | D:3      | Reached XP level 5. HP: 11/28 MP: 5/13
  2602 | D:3      | HP: 1/28 [orc priest/+0 short sword (7)]
  2604 | D:3      | Reached skill level 5 in Fire Magic
  3839 | D:4      | Reached XP level 6. HP: 29/32 MP: 6/14
  4265 | D:4      | Learned a level 3 spell: Frozen Ramparts
  4459 | D:4      | Reached skill level 1 in Ice Magic
  4539 | D:4      | Reached skill level 5 in Spellcasting
  4746 | D:5      | Entered Level 5 of the Dungeon
  4868 | D:5      | Reached skill level 1 in Translocations
  5002 | D:5      | Reached skill level 6 in Fire Magic
  5002 | D:5      | Reached XP level 7. HP: 36/36 MP: 5/16
  5093 | D:5      | Learned a level 4 spell: Hailstorm
  5175 | D:5      | Reached skill level 5 in Conjurations
  5281 | D:5      | Noticed Edmund
  5312 | D:6      | Killed Edmund
  5573 | D:6      | Found a staircase to the Ecumenical Temple.
  5702 | D:6      | Reached XP level 8. HP: 41/41 MP: 14/18
  5765 | D:6      | Reached skill level 7 in Fire Magic
  5885 | D:6      | Found a glowing drain.
  5895 | Sewer    | Entered a sewer
  5984 | Sewer    | Noticed Pargi
  5992 | Sewer    | Killed Pargi
  6106 | Sewer    | Learned a level 2 spell: Sublimation of Blood
  6266 | Temple   | Entered the Ecumenical Temple
  6309 | Temple   | Became a worshipper of Vehumet
  6958 | D:5      | Reached skill level 1 in Necromancy
  7067 | D:5      | Reached skill level 5 in Ice Magic
  7189 | D:7      | Noticed Harold
  7414 | D:7      | Slain by Harold

Illustrated notes

Levels and vault maps discovered:
D:1:      minmay_arrival_semitransparent, layout_basic,
          dilly_ecumenical_altar_fadedgnrine
D:2:      layout_rooms, serial_shops, shop, serial_corexii_hall,
          corexii_hall_statues_x, corexii_hall_statues_s
D:3:      layout_basic
D:4:      layout_rooms, minmay_vboxes
D:5:      layout_loops_ring, uniq_edmund
D:6:      layout_cave_pods, minmay_temple_entry_large_hall,
          portal_sewer_entry_e, minmay_misc_feat_iff
D:7:      layout_gridville, nicolae_dithmenos_shadow_blocks, lemuel_round_altar,
          serial_shops, nicolae_lakefront_shop, amcnicky_mini_corridor_feature,
          uniq_duvessa, uniq_harold, uniq_joseph
Temple:   mainiacjoe_temple_big_plus

Skill      XL: |  1  2  3  4  5  6  7  8 |
---------------+-------------------------+-----
Conjurations   | 2 3 4 5 |  5.8
Fire Magic     | 4 5 6 7 |  7.7
Spellcasting   | 4 5 6 |  6.5
Ice Magic      | 1 3 5 |  5.0
Translocations | 1 2 3 |  3.0
Necromancy     | 1 |  1.4
Dodging        | |  2.4
Stealth        | |  2.4

Action                   |  1- 3 |  4- 6 |  7- 9 || total
-------------------------+-------+-------+-------++-------
Melee: Short sword       |     4 |     3 |       ||     7
       Long sword        |       |       |     3 ||     3
       Dire flail        |       |       |    38 ||    38
 Cast: Foxfire           |    69 |    94 |    48 ||   211
       Scorch            |       |    27 |    33 ||    60
       Flame Wave        |       |       |     1 ||     1
  Use: Scroll            |     8 |     5 |     5 ||    18
       Potion            |     1 |       |     2 ||     3
 Stab: Sleeping          |       |       |     6 ||     6
Armor: Robe              |     4 |    12 |    21 ||    37
Dodge: Dodged            |    24 |    32 |    49 ||   105

Table legend: (Time is in decaauts)
 A = Elapsed time spent in this place.
 B = Non-inter-level travel time spent in this place.
 C = Inter-level travel time spent in this place.
 D = Time resting spent in this place.
 E = Time spent auto-exploring this place.
 F = Levels seen in this place.
 G = Mean time per level.
                   A        B        C        D        E       F      G
               +--------+--------+--------+--------+--------+-----+--------+
         Total |   7424 |   7220 |    204 |    904 |   4872 |   9 |  824.9 |
       Dungeon |   7107 |   6933 |    174 |    904 |   4747 |   7 | 1015.3 |
        Temple |     73 |     43 |     30 |      0 |     35 |   1 |   73.0 |
         Sewer |    243 |    243 |      0 |      0 |     90 |   1 |  243.0 |
               +--------+--------+--------+--------+--------+-----+--------+

Top non-repeatable levels by time:
     D:3: 1877 daAuts
     D:6: 1244 daAuts
     D:2: 1017 daAuts
     D:4: 965 daAuts
     D:5: 890 daAuts
     D:1: 886 daAuts
   Sewer: 243 daAuts
     D:7: 226 daAuts
  Temple: 73 daAuts
